Punishers vs Harfangs
Created - March 11, 2021 at 18:59
Goals
|
| Punishers |
0 |
0 |
2 |
2 |
| Harfangs |
2 |
1 |
1 |
4 |
|
Shots
|
| Punishers |
9 |
10 |
7 |
26 |
| Harfangs |
17 |
13 |
5 |
35 |
|
1st period
1. Harfangs , Calle Jarnkrok 19 (Tomas Kubalik 36, Michael Bournival 50) at 6:05
2. Harfangs , Ryan Hartman 20 (Tyler Brenner 44, Brandon McMillan 19) at 6:19
Penalties :
Brett Kulak (Pro) for Interference (Minor) at 0:47, Morgan Klimchuk (BEA) for High sticking (Minor) at 11:09
2nd period
3. Harfangs , Michael Bournival 33 (Jake Dotchin 16, Calle Jarnkrok 33) at 8:05 (PP)
Penalties :
Brenden Kichton (BEA) for Hooking (Minor) at 2:13, Brett Kulak (Pro) for Hooking (Minor) at 7:49, Joseph Cramarossa (Pro) for Holding (Minor) at 17:16
3rd period
4. Punishers , Corey Tropp 21 (Zack Hamill 14, Andreas Athanasiou 29) at 14:39 (PP)
5. Punishers , Andreas Athanasiou 25 (Ben Betker 10, Corey Tropp 21) at 17:31 (PP)
6. Harfangs , Jake Dotchin 6 (Tomas Kubalik 37, Calle Jarnkrok 34) at 19:25 (Empty Net)
Penalties :
Calle Jarnkrok (BEA) for Holding (Minor) at 3:59, Calle Jarnkrok (BEA) for Hooking (Minor) at 14:25, Corey Tropp (Pro) for Holding Stick (Minor) at 14:40, Nick Shore (BEA) for Holding (Minor) at 17:04
Goalie Stats
Louis Domingue (Pro), 31 saves from 34 shots - (0.912), L, 27-15-0, 59:37 minutes
Zachary Fucale (BEA), 24 saves from 26 shots - (0.923), W, 5-3-0, 60:00 minutes
Players Stats for Punishers
Player Name G A P +/- PIM S H SB GA TA FO MP PP MP PK MP
------------------------------------------------------------------------------------
Andreas Athanasiou 1 1 2 -2 0 3 2 1 2 0 1/2 21:18 3:23 2:33
Austen Brassard 0 0 0 0 0 0 2 0 0 0 0/0 11:29 0:00 0:00
Ben Betker 0 1 1 -1 0 0 0 3 0 0 0/0 19:08 2:56 2:50
Brett Kulak 0 0 0 -1 4 1 2 0 0 0 0/0 19:30 2:56 1:51
Carter Ashton 0 0 0 0 0 0 0 0 0 0 0/1 14:40 3:04 0:00
Corey Tropp 1 1 2 -2 2 3 0 0 0 0 2/2 21:39 3:33 2:13
Elias Lindholm 0 0 0 0 0 3 2 0 0 0 2/8 12:06 0:11 0:00
Fredrik Claesson 0 0 0 -1 0 2 0 2 0 0 0/0 13:12 0:00 0:00
John Quenneville 0 0 0 -1 0 2 0 0 0 0 0/0 8:13 0:01 0:00
Joseph Cramarossa 0 0 0 -1 2 0 1 1 1 0 0/0 8:49 0:00 0:34
Madison Bowey 0 0 0 -1 0 0 1 1 0 0 0/0 27:13 3:42 3:23
Michael Joly 0 0 0 -1 0 0 1 0 0 0 0/0 8:13 0:01 0:00
Nikita Gusev 0 0 0 0 0 3 0 1 1 1 0/0 13:25 0:00 1:35
Noah Juulsen 0 0 0 -1 0 0 1 1 0 2 0/0 12:52 0:00 0:59
Radek Faksa 0 0 0 0 0 2 1 0 0 1 6/15 17:07 3:04 2:02
Samuel Morin 0 0 0 -1 0 2 1 4 0 3 0/0 27:13 3:42 3:23
Tyler Bertuzzi 0 0 0 0 0 2 2 0 0 0 0/0 14:49 3:04 0:09
Zack Hamill 0 1 1 -2 0 3 5 0 1 1 24/37 22:47 3:33 3:20
Players Stats for Harfangs
Player Name G A P +/- PIM S H SB GA TA FO MP PP MP PK MP
------------------------------------------------------------------------------------
Blake Heinrich 0 0 0 0 0 0 0 0 0 0 0/0 9:01 0:00 0:07
Brandon McMillan 0 1 1 1 0 3 0 0 0 1 0/0 17:00 2:47 0:00
Brenden Kichton 0 0 0 0 2 0 1 1 1 0 0/0 8:34 0:00 0:00
Calle Jarnkrok 1 2 3 2 4 4 2 0 0 0 16/28 19:58 3:14 1:05
Cristoval Nieves 0 0 0 0 0 2 0 0 0 0 0/1 7:50 0:00 0:23
David Kampf 0 0 0 0 0 0 0 0 0 0 0/0 0:12 0:12 0:00
Devon Teows 0 0 0 0 0 1 2 1 0 0 0/0 6:44 0:00 0:00
Erik Nystrom 0 0 0 0 0 2 1 0 0 0 0/0 7:31 0:00 0:27
Ivan Provorov 0 0 0 1 0 0 0 0 0 1 0/0 19:11 2:49 2:48
Jake Dotchin 1 1 2 2 0 3 3 1 1 1 0/0 25:37 3:24 3:50
JC Lipon 0 0 0 0 0 0 0 0 0 0 0/0 0:12 0:12 0:00
Laurent Dauphin 0 0 0 0 0 0 0 0 0 0 0/0 1:39 0:00 1:32
Lucas Wallmarkk 0 0 0 0 0 0 0 0 0 0 0/0 0:19 0:19 0:00
Mark Alt 0 0 0 1 0 0 0 0 0 0 0/0 19:11 2:49 2:48
Michael Bournival 1 1 2 2 0 5 0 1 2 0 3/7 21:58 3:07 3:38
Morgan Klimchuk 0 0 0 0 2 0 1 0 0 0 0/1 11:03 0:00 0:48
Nick Shore 0 0 0 0 2 1 0 1 0 0 3/6 10:03 0:00 0:00
Nick Sorensen 0 0 0 0 0 1 1 0 0 0 0/0 7:04 0:00 0:00
Reid McNeill 0 0 0 2 0 0 5 2 0 1 0/0 25:04 3:24 3:43
Rinat Valiev 0 0 0 0 0 0 1 0 0 1 0/0 6:44 0:00 0:00
Ryan Hartman 1 0 1 1 0 4 1 1 0 0 0/0 17:00 2:47 0:00
Sven Andrighetto 0 0 0 0 0 0 2 1 1 0 0/1 10:04 0:00 0:00
Tomas Kubalik 0 2 2 2 0 5 1 0 1 0 1/3 22:30 3:14 3:40
Tyler Brenner 0 1 1 1 0 4 1 1 2 0 7/18 18:48 2:47 1:43
3 Stars
1 - Jake Dotchin (BEA)
2 - Michael Bournival (BEA)
3 - Calle Jarnkrok (BEA)
Power Play
Punishers - 2 on 5 Attempt(s) - 40.00%
Harfangs - 1 on 4 Attempt(s) - 25.00%
Penalty Kill
Punishers - 3 on 4 Attempt(s) - 75.00%
- Score 0 goal in Penalty Kill
Harfangs - 3 on 5 Attempt(s) - 60.00%
- Score 0 goal in Penalty Kill
Team Stat
Punishers - Hits : 21 - Faceoff Wins : 35 - Blocked Shots : 14 - Penalty Minutes : 8
Harfangs - Hits : 22 - Faceoff Wins : 30 - Blocked Shots : 10 - Penalty Minutes : 10
Official
Referees : Unknown
Linesman : Unknown
Game Notes
Jake Dotchin has scored in a empty net!
Finance
Level 1 -- Attendance: 2000 (100.00%) -- Ticket Income $68,000
Level 2 -- Attendance: 716 (71.60%) -- Ticket Income $13,604
Total Attendance: 2716 (90.53%)
Total Ticket Income: $81,604
Other Income: $4,080
Total Income: $85,684
Punishers
5 vs 5 Forward
Center Left Wing Right Wing Time % Phy DF OF
1 Zack Hamill Andreas Athanasiou Corey Tropp 40 1 2 2
2 Radek Faksa Tyler Bertuzzi Carter Ashton 30 1 2 2
3 Elias Lindholm Nikita Gusev Austen Brassard 20 1 2 2
4 John Quenneville Joseph Cramarossa Michael Joly 10 1 2 2
5 vs 5 Defense
Defense Defense Time % Phy DF OF
1 Samuel Morin Madison Bowey 40 1 2 2
2 Brett Kulak Ben Betker 30 1 2 2
3 Fredrik Claesson Noah Juulsen 20 1 2 2
4 Samuel Morin Madison Bowey 10 1 2 2
PowerPlay Forward
Center Left Wing Right Wing Time % Phy DF OF
1 Zack Hamill Andreas Athanasiou Corey Tropp 60 1 2 2
2 Radek Faksa Tyler Bertuzzi Carter Ashton 40 1 2 2
PowerPlay Defense
Defense Defense Time % Phy DF OF
1 Samuel Morin Madison Bowey 60 1 2 2
2 Brett Kulak Ben Betker 40 1 2 2
Penalty Kill 4 Players Forward
Center Wing Time % Phy DF OF
1 Zack Hamill Corey Tropp 60 1 2 2
2 Andreas Athanasiou Radek Faksa 40 1 2 2
Penalty Kill 4 Players Defense
Defense Defense Time % Phy DF OF
1 Samuel Morin Madison Bowey 60 1 2 2
2 Brett Kulak Ben Betker 40 1 2 2
Penalty Kill - 3 Players Forward
Forward Time % Phy DF OF
1 Zack Hamill 60 1 2 2
2 Corey Tropp 40 1 2 2
Penalty Kill - 3 Players Defense
Defense Defense Time % Phy DF OF
1 Samuel Morin Madison Bowey 60 1 2 2
2 Brett Kulak Ben Betker 40 1 2 2
4 vs 4 Forward
Center Wing Time % Phy DF OF
1 Zack Hamill Corey Tropp 60 1 2 2
2 Andreas Athanasiou Radek Faksa 40 1 2 2
4 vs 4 Defense
Defense Defense Time % Phy DF OF
1 Samuel Morin Madison Bowey 60 1 2 2
2 Brett Kulak Ben Betker 40 1 2 2
Last Minutes Offensive
Center Left Wing Right Wing Defense Defense
Zack Hamill Andreas Athanasiou Corey Tropp Samuel Morin Madison Bowey
Last Minutes Defensive
Center Left Wing Right Wing Defense Defense
Zack Hamill Andreas Athanasiou Corey Tropp Samuel Morin Madison Bowey
Goaltenders
Starting : Louis Domingue
Backup : Daniel Altshuller
Extra Forwards
Normal : Elias Lindholm, John Quenneville, Nikita Gusev - PP : Elias Lindholm, John Quenneville - PK : Nikita Gusev
Extra Defensemen
Normal : Fredrik Claesson, Noah Juulsen, Brett Kulak - PP : Fredrik Claesson - PK : Noah Juulsen, Brett Kulak
Penalty Shots
Zack Hamill, Corey Tropp, Andreas Athanasiou, Radek Faksa, Elias Lindholm
Scratches
Niko Mikkola (Healthy), Adam Pelech (Back Surgery Injury), Connor Clifton (Healthy), Nicolas Roy (Healthy), Gabriel Gagne (Healthy)
Austin Wagner (Healthy), Anton Blidh (Healthy), Daniel Audette (Healthy), Alex Schoenborn (Healthy)
Harfangs
5 vs 5 Forward
Center Left Wing Right Wing Time % Phy DF OF
1 Calle Jarnkrok Michael Bournival Tomas Kubalik 40 1 2 2
2 Tyler Brenner Brandon McMillan Ryan Hartman 30 1 2 2
3 Nick Shore Morgan Klimchuk Sven Andrighetto 20 1 2 2
4 Cristoval Nieves Erik Nystrom Nick Sorensen 10 1 2 2
5 vs 5 Defense
Defense Defense Time % Phy DF OF
1 Reid McNeill Jake Dotchin 40 1 2 2
2 Mark Alt Ivan Provorov 30 1 2 2
3 Brenden Kichton Blake Heinrich 20 1 2 2
4 Devon Teows Rinat Valiev 10 1 2 2
PowerPlay Forward
Center Left Wing Right Wing Time % Phy DF OF
1 Calle Jarnkrok Michael Bournival Tomas Kubalik 60 1 2 2
2 Tyler Brenner Brandon McMillan Ryan Hartman 40 1 2 2
PowerPlay Defense
Defense Defense Time % Phy DF OF
1 Reid McNeill Jake Dotchin 60 1 2 2
2 Mark Alt Ivan Provorov 40 1 2 2
Penalty Kill 4 Players Forward
Center Wing Time % Phy DF OF
1 Michael Bournival Tomas Kubalik 60 1 2 2
2 Calle Jarnkrok Tyler Brenner 40 1 2 2
Penalty Kill 4 Players Defense
Defense Defense Time % Phy DF OF
1 Reid McNeill Jake Dotchin 60 1 2 2
2 Mark Alt Ivan Provorov 40 1 2 2
Penalty Kill - 3 Players Forward
Forward Time % Phy DF OF
1 Michael Bournival 60 1 2 2
2 Tomas Kubalik 40 1 2 2
Penalty Kill - 3 Players Defense
Defense Defense Time % Phy DF OF
1 Reid McNeill Jake Dotchin 60 1 2 2
2 Mark Alt Ivan Provorov 40 1 2 2
4 vs 4 Forward
Center Wing Time % Phy DF OF
1 Michael Bournival Tomas Kubalik 60 1 2 2
2 Calle Jarnkrok Tyler Brenner 40 1 2 2
4 vs 4 Defense
Defense Defense Time % Phy DF OF
1 Reid McNeill Jake Dotchin 60 1 2 2
2 Mark Alt Ivan Provorov 40 1 2 2
Last Minutes Offensive
Center Left Wing Right Wing Defense Defense
Calle Jarnkrok Michael Bournival Tomas Kubalik Reid McNeill Jake Dotchin
Last Minutes Defensive
Center Left Wing Right Wing Defense Defense
Calle Jarnkrok Michael Bournival Tomas Kubalik Reid McNeill Jake Dotchin
Goaltenders
Starting : Zachary Fucale
Backup : Anton Forsberg
Extra Forwards
Normal : Lucas Wallmarkk, David Kampf, Laurent Dauphin - PP : Lucas Wallmarkk, David Kampf - PK : Laurent Dauphin
Extra Defensemen
Normal : Brenden Kichton, Blake Heinrich, Devon Teows - PP : Brenden Kichton - PK : Blake Heinrich, Devon Teows
Penalty Shots
Michael Bournival, Tomas Kubalik, Calle Jarnkrok, Tyler Brenner, Ryan Hartman
Scratches
A.J. Greer (Healthy), Cooper Marody (Healthy), Brendan Leipsic (Healthy), Justin Kirkland (Healthy), Anthony Angello (Healthy)
Jason Kasdorf (Healthy), Scott Wedgewood (Healthy)
% Time on Ice - Punishers
Lines # - Real PCT - Wanted PCT - Time Play
Normal Forward
1 - 34% - 40% - 15:46
2 - 25% - 30% - 11:40
3 - 25% - 20% - 11:29
4 - 16% - 10% - 7:40
Normal Defense
1 - 41% - 40% - 19:14
2 - 30% - 30% - 14:11
3 - 25% - 20% - 11:49
4 - 3% - 10% - 1:21
PP Forward
1 - 54% - 60% - 3:34
2 - 46% - 40% - 3:04
PP Defense
1 - 56% - 60% - 3:42
2 - 44% - 40% - 2:56
PK Forward
1 - 84% - 60% - 5:13
2 - 16% - 40% - 1:00
PK Defense
1 - 54% - 60% - 3:23
2 - 46% - 40% - 2:50
PK3 Forward
1 - 0% - 60%
2 - 0% - 40%
PK3 Defense
1 - 0% - 60%
2 - 0% - 40%
44 Forward
1 - 0% - 60%
2 - 0% - 40%
44 Defense
1 - 0% - 60%
2 - 0% - 40%
Last Minute Offensive - 0:34
Last Minute Defensive - 0:00
Total
Forward - 60:00
Defense - 60:00
|
% Time on Ice - Harfangs
Lines # - Real PCT - Wanted PCT - Time Play
Normal Forward
1 - 33% - 40% - 15:12
2 - 31% - 30% - 14:18
3 - 22% - 20% - 10:04
4 - 15% - 10% - 7:04
Normal Defense
1 - 38% - 40% - 17:52
2 - 29% - 30% - 13:34
3 - 18% - 20% - 8:28
4 - 14% - 10% - 6:44
PP Forward
1 - 55% - 60% - 3:26
2 - 45% - 40% - 2:47
PP Defense
1 - 55% - 60% - 3:24
2 - 45% - 40% - 2:49
PK Forward
1 - 74% - 60% - 4:55
2 - 26% - 40% - 1:43
PK Defense
1 - 58% - 60% - 3:50
2 - 42% - 40% - 2:48
PK3 Forward
1 - 0% - 60%
2 - 0% - 40%
PK3 Defense
1 - 0% - 60%
2 - 0% - 40%
44 Forward
1 - 0% - 60%
2 - 0% - 40%
44 Defense
1 - 0% - 60%
2 - 0% - 40%
Last Minute Offensive - 0:00
Last Minute Defensive - 0:31
Total
Forward - 60:00
Defense - 60:00
|
Play-by-Play
1st period
0:01 of 1st period - Calle Jarnkrok wins face-off versus Zack Hamill in neutral zone.
0:14 of 1st period - Wrist shot by Andreas Athanasiou.
0:14 of 1st period - Shot Blocked by Reid McNeill.
0:16 of 1st period - Slapshot by Madison Bowey.
0:16 of 1st period - Shot Blocked by Michael Bournival.
0:31 of 1st period - Samuel Morin is hit by Calle Jarnkrok and loses puck.
0:44 of 1st period - Snap shot by Michael Bournival.
0:44 of 1st period - Stopped by Louis Domingue without a rebound.
0:45 of 1st period - Radek Faksa wins face-off versus Tyler Brenner in Punishers zone.
0:47 of 1st period - Minor Penalty to Brett Kulak for Interference.
0:48 of 1st period - Calle Jarnkrok wins face-off versus Zack Hamill in Punishers zone.
1:10 of 1st period - Samuel Morin is hit by Jake Dotchin and loses puck.
2:37 of 1st period - Lucas Wallmarkk is hit by Zack Hamill and loses puck.
2:47 of 1st period - Penalty to Brett Kulak is over, Brett Kulak is back on ice.
3:21 of 1st period - Snap shot by Nikita Gusev.
3:21 of 1st period - Shot Blocked by Brenden Kichton.
4:09 of 1st period - Icing by Zack Hamill.
4:10 of 1st period - Calle Jarnkrok wins face-off versus Zack Hamill in Punishers zone.
4:11 of 1st period - Snap shot by Tomas Kubalik.
4:11 of 1st period - Stopped by Louis Domingue with a rebound.
4:13 of 1st period - Slapshot by Ryan Hartman.
4:13 of 1st period - Stopped by Louis Domingue without a rebound.
4:14 of 1st period - Tyler Brenner wins face-off versus Radek Faksa in Punishers zone.
4:54 of 1st period - Calle Jarnkrok is hit by Zack Hamill and loses puck.
5:05 of 1st period - Slapshot by John Quenneville.
5:05 of 1st period - Stopped by Zachary Fucale with a rebound.
5:21 of 1st period - Snap shot by Tomas Kubalik.
5:21 of 1st period - Shot Misses the Net.
5:23 of 1st period - Slapshot by Jake Dotchin.
5:23 of 1st period - Deflect By John Quenneville.
5:23 of 1st period - Stopped by Louis Domingue with a rebound.
5:25 of 1st period - Wrist shot by Calle Jarnkrok.
5:25 of 1st period - Shot Blocked by Fredrik Claesson.
6:03 of 1st period - Wrist shot by Tomas Kubalik.
6:03 of 1st period - Shot Blocked by Noah Juulsen.
6:05 of 1st period - Snap shot by Calle Jarnkrok.
6:05 of 1st period - Goal by Calle Jarnkrok - Punishers : 0 - Harfangs : 1.
6:06 of 1st period - Zack Hamill wins face-off versus Tyler Brenner in neutral zone.
6:13 of 1st period - Backhand shot by Tyler Brenner.
6:13 of 1st period - Stopped by Louis Domingue without a rebound.
6:14 of 1st period - Tyler Brenner wins face-off versus Zack Hamill in Punishers zone.
6:17 of 1st period - Snap shot by Tyler Brenner.
6:17 of 1st period - Stopped by Louis Domingue with a rebound.
6:19 of 1st period - Slapshot by Ryan Hartman.
6:19 of 1st period - Goal by Ryan Hartman - Punishers : 0 - Harfangs : 2.
6:20 of 1st period - Tyler Brenner wins face-off versus Zack Hamill in neutral zone.
6:26 of 1st period - Off-side.
6:27 of 1st period - Zack Hamill wins face-off versus Tyler Brenner in neutral zone.
6:30 of 1st period - Wrist shot by Corey Tropp.
6:30 of 1st period - Shot Misses the Net.
6:38 of 1st period - Snap shot by Zack Hamill.
6:38 of 1st period - Deflect By Corey Tropp.
6:38 of 1st period - Deflect By Tyler Brenner.
6:38 of 1st period - Shot Misses the Net.
6:38 of 1st period - Puck is out of play.
6:39 of 1st period - Radek Faksa wins face-off versus Tyler Brenner in Harfangs zone.
6:50 of 1st period - Wrist shot by Brandon McMillan.
6:50 of 1st period - Stopped by Louis Domingue with a rebound.
7:08 of 1st period - Icing by Sven Andrighetto.
7:09 of 1st period - Corey Tropp wins face-off versus Nick Shore in Harfangs zone.
7:16 of 1st period - Slapshot by Zack Hamill.
7:16 of 1st period - Stopped by Zachary Fucale with a rebound.
7:18 of 1st period - Snap shot by Brett Kulak.
7:18 of 1st period - Deflect By Corey Tropp.
7:18 of 1st period - Stopped by Zachary Fucale without a rebound.
7:19 of 1st period - Radek Faksa wins face-off versus Tyler Brenner in Harfangs zone.
7:22 of 1st period - Snap shot by Radek Faksa.
7:22 of 1st period - Stopped by Zachary Fucale with a rebound.
7:24 of 1st period - Snap shot by Radek Faksa.
7:24 of 1st period - Stopped by Zachary Fucale without a rebound.
7:25 of 1st period - Tyler Brenner wins face-off versus Radek Faksa in Harfangs zone.
8:10 of 1st period - Off-side.
8:11 of 1st period - Nick Shore wins face-off versus Elias Lindholm in neutral zone.
8:14 of 1st period - Samuel Morin is hit by Morgan Klimchuk and loses puck.
8:21 of 1st period - Wrist shot by Nick Shore.
8:21 of 1st period - Stopped by Louis Domingue without a rebound.
8:22 of 1st period - Zack Hamill wins face-off versus Calle Jarnkrok in Punishers zone.
8:37 of 1st period - Snap shot by Calle Jarnkrok.
8:37 of 1st period - Deflect By Samuel Morin.
8:37 of 1st period - Stopped by Louis Domingue with a rebound.
8:39 of 1st period - Snap shot by Calle Jarnkrok.
8:39 of 1st period - Shot Misses the Net.
8:55 of 1st period - Off-side.
8:56 of 1st period - Nick Shore wins face-off versus Radek Faksa in neutral zone.
9:05 of 1st period - Snap shot by Sven Andrighetto.
9:05 of 1st period - Shot Misses the Net.
10:08 of 1st period - Backhand shot by Tomas Kubalik.
10:08 of 1st period - Deflect By Michael Bournival.
10:08 of 1st period - Stopped by Louis Domingue without a rebound.
10:09 of 1st period - Calle Jarnkrok wins face-off versus Elias Lindholm in Punishers zone.
10:16 of 1st period - Austen Brassard is hit by Calle Jarnkrok.
10:26 of 1st period - Snap shot by Michael Bournival.
10:26 of 1st period - Deflect By Tomas Kubalik.
10:26 of 1st period - Shot Blocked by Nikita Gusev.
10:26 of 1st period - Puck is out of play.
10:27 of 1st period - Tyler Brenner wins face-off versus Radek Faksa in Punishers zone.
10:28 of 1st period - Slapshot by Brandon McMillan.
10:28 of 1st period - Shot Misses the Net.
10:57 of 1st period - Wrist shot by Michael Bournival.
10:57 of 1st period - Shot Misses the Net.
10:59 of 1st period - Slapshot by Ivan Provorov.
10:59 of 1st period - Shot Blocked by Madison Bowey.
11:01 of 1st period - Wrist shot by Tomas Kubalik.
11:01 of 1st period - Stopped by Louis Domingue with a rebound.
11:03 of 1st period - Wrist shot by Michael Bournival.
11:03 of 1st period - Deflect By Tomas Kubalik.
11:03 of 1st period - Shot Blocked by Samuel Morin.
11:03 of 1st period - Puck is out of play.
11:04 of 1st period - Zack Hamill wins face-off versus Nick Shore in Punishers zone.
11:04 of 1st period - Zack Hamill is hit by Sven Andrighetto.
11:09 of 1st period - Minor Penalty to Morgan Klimchuk for High sticking.
11:10 of 1st period - Zack Hamill wins face-off versus Michael Bournival in Harfangs zone.
11:12 of 1st period - Snap shot by Zack Hamill.
11:12 of 1st period - Stopped by Zachary Fucale with a rebound.
11:36 of 1st period - Jake Dotchin is hit by Madison Bowey and loses puck.
12:32 of 1st period - Samuel Morin is hit by Reid McNeill and loses puck.
13:09 of 1st period - Penalty to Morgan Klimchuk is over, Morgan Klimchuk is back on ice.
13:59 of 1st period - Wrist shot by Erik Nystrom.
13:59 of 1st period - Shot Blocked by Fredrik Claesson.
14:01 of 1st period - Snap shot by Cristoval Nieves.
14:01 of 1st period - Stopped by Louis Domingue with a rebound.
14:03 of 1st period - Snap shot by Erik Nystrom.
14:03 of 1st period - Stopped by Louis Domingue with a rebound.
14:05 of 1st period - Slapshot by Rinat Valiev.
14:05 of 1st period - Shot Blocked by Joseph Cramarossa.
14:07 of 1st period - Snap shot by Erik Nystrom.
14:07 of 1st period - Shot Misses the Net.
14:38 of 1st period - Radek Faksa is hit by Sven Andrighetto and loses puck.
14:53 of 1st period - Brenden Kichton is hit by Brett Kulak.
15:03 of 1st period - Wrist shot by Brandon McMillan.
15:03 of 1st period - Stopped by Louis Domingue without a rebound.
15:04 of 1st period - Tyler Brenner wins face-off versus Elias Lindholm in Punishers zone.
15:07 of 1st period - Slapshot by Tyler Brenner.
15:07 of 1st period - Stopped by Louis Domingue without a rebound.
15:08 of 1st period - Elias Lindholm wins face-off versus Calle Jarnkrok in Punishers zone.
15:08 of 1st period - Elias Lindholm is hit by Jake Dotchin.
15:39 of 1st period - Snap shot by Corey Tropp.
15:39 of 1st period - Shot Misses the Net.
15:43 of 1st period - Snap shot by Corey Tropp.
15:43 of 1st period - Stopped by Zachary Fucale without a rebound.
15:44 of 1st period - Calle Jarnkrok wins face-off versus Radek Faksa in Harfangs zone.
16:11 of 1st period - Jake Dotchin is hit by Zack Hamill and loses puck.
16:38 of 1st period - Sven Andrighetto is hit by Brett Kulak and loses puck.
17:02 of 1st period - Wrist shot by Erik Nystrom.
17:02 of 1st period - Shot Blocked by Samuel Morin.
17:04 of 1st period - Wrist shot by Nick Sorensen.
17:04 of 1st period - Shot Misses the Net.
17:48 of 1st period - Wrist shot by Andreas Athanasiou.
17:48 of 1st period - Stopped by Zachary Fucale with a rebound.
18:26 of 1st period - Wrist shot by Joseph Cramarossa.
18:26 of 1st period - Shot Misses the Net.
18:56 of 1st period - Icing by Tomas Kubalik.
18:57 of 1st period - Tomas Kubalik wins face-off versus Zack Hamill in Harfangs zone.
19:05 of 1st period - Off-side.
19:06 of 1st period - Zack Hamill wins face-off versus Tyler Brenner in neutral zone.
19:29 of 1st period - Zack Hamill is hit by Devon Teows and loses puck.
19:44 of 1st period - Snap shot by Corey Tropp.
19:44 of 1st period - Shot Blocked by Devon Teows.
19:46 of 1st period - Slapshot by Zack Hamill.
19:46 of 1st period - Deflect By Andreas Athanasiou.
19:46 of 1st period - Shot Misses the Net.
19:46 of 1st period - Puck is out of play.
19:47 of 1st period - Calle Jarnkrok wins face-off versus Carter Ashton in Harfangs zone.
19:56 of 1st period - Wrist shot by Tyler Bertuzzi.
19:56 of 1st period - Shot Misses the Net.
19:58 of 1st period - Slapshot by Brett Kulak.
19:58 of 1st period - Deflect By Tomas Kubalik.
19:58 of 1st period - Stopped by Zachary Fucale without a rebound.
19:59 of 1st period - Calle Jarnkrok wins face-off versus Radek Faksa in Harfangs zone.
19:59 of 1st period - Calle Jarnkrok is hit by Samuel Morin.
Goals for this period are 0 for Punishers vs 2 for Harfangs.
Shots for this period are 9 for Punishers vs 17 for Harfangs.
2nd period
0:01 of 2nd period - Zack Hamill wins face-off versus Calle Jarnkrok in neutral zone.
0:32 of 2nd period - Off-side.
0:33 of 2nd period - Radek Faksa wins face-off versus Tyler Brenner in neutral zone.
0:59 of 2nd period - Calle Jarnkrok is hit by Zack Hamill and loses puck.
1:43 of 2nd period - Snap shot by Elias Lindholm.
1:43 of 2nd period - Shot Misses the Net.
1:45 of 2nd period - Slapshot by Samuel Morin.
1:45 of 2nd period - Stopped by Zachary Fucale with a rebound.
1:47 of 2nd period - Snap shot by Nikita Gusev.
1:47 of 2nd period - Stopped by Zachary Fucale with a rebound.
1:49 of 2nd period - Slapshot by Samuel Morin.
1:49 of 2nd period - Stopped by Zachary Fucale with a rebound.
1:51 of 2nd period - Slapshot by Madison Bowey.
1:51 of 2nd period - Deflect By Nikita Gusev.
1:51 of 2nd period - Shot Misses the Net.
1:51 of 2nd period - Puck is out of play.
1:52 of 2nd period - Zack Hamill wins face-off versus Calle Jarnkrok in Harfangs zone.
2:13 of 2nd period - Minor Penalty to Brenden Kichton for Hooking.
2:14 of 2nd period - Michael Bournival wins face-off versus Zack Hamill in Harfangs zone.
3:40 of 2nd period - Tyler Bertuzzi is hit by Tyler Brenner and loses puck.
4:13 of 2nd period - Penalty to Brenden Kichton is over, Brenden Kichton is back on ice.
5:05 of 2nd period - Michael Joly is hit by Ryan Hartman.
5:23 of 2nd period - Slapshot by John Quenneville.
5:23 of 2nd period - Stopped by Zachary Fucale with a rebound.
5:25 of 2nd period - Snap shot by Michael Joly.
5:25 of 2nd period - Shot Blocked by Ryan Hartman.
5:27 of 2nd period - Snap shot by Fredrik Claesson.
5:27 of 2nd period - Shot Misses the Net.
6:04 of 2nd period - Ryan Hartman is hit by Michael Joly and loses puck.
6:15 of 2nd period - Slapshot by John Quenneville.
6:15 of 2nd period - Shot Misses the Net.
6:17 of 2nd period - Wrist shot by Fredrik Claesson.
6:17 of 2nd period - Shot Blocked by Tyler Brenner.
6:29 of 2nd period - Slapshot by John Quenneville.
6:29 of 2nd period - Shot Misses the Net.
6:31 of 2nd period - Slapshot by Fredrik Claesson.
6:31 of 2nd period - Stopped by Zachary Fucale without a rebound.
6:32 of 2nd period - Zack Hamill wins face-off versus Calle Jarnkrok in Harfangs zone.
7:26 of 2nd period - Wrist shot by Elias Lindholm.
7:26 of 2nd period - Stopped by Zachary Fucale without a rebound.
7:27 of 2nd period - Calle Jarnkrok wins face-off versus Zack Hamill in Harfangs zone.
7:27 of 2nd period - Calle Jarnkrok is hit by Andreas Athanasiou.
7:49 of 2nd period - Minor Penalty to Brett Kulak for Hooking.
7:50 of 2nd period - Zack Hamill wins face-off versus Calle Jarnkrok in Punishers zone.
8:01 of 2nd period - Snap shot by Calle Jarnkrok.
8:01 of 2nd period - Stopped by Louis Domingue with a rebound.
8:03 of 2nd period - Slapshot by Jake Dotchin.
8:03 of 2nd period - Stopped by Louis Domingue with a rebound.
8:05 of 2nd period - Slapshot by Michael Bournival.
8:05 of 2nd period - Goal by Michael Bournival - Punishers : 0 - Harfangs : 3.
8:06 of 2nd period - Zack Hamill wins face-off versus Calle Jarnkrok in neutral zone.
8:11 of 2nd period - Wrist shot by Zack Hamill.
8:11 of 2nd period - Deflect By Corey Tropp.
8:11 of 2nd period - Shot Misses the Net.
8:11 of 2nd period - Puck is out of play.
8:12 of 2nd period - Calle Jarnkrok wins face-off versus Zack Hamill in Harfangs zone.
8:16 of 2nd period - Off-side.
8:17 of 2nd period - Calle Jarnkrok wins face-off versus Zack Hamill in neutral zone.
8:47 of 2nd period - Wrist shot by Radek Faksa.
8:47 of 2nd period - Shot Blocked by Nick Shore.
9:24 of 2nd period - Austen Brassard is hit by Brenden Kichton and loses puck.
9:47 of 2nd period - Slapshot by Brandon McMillan.
9:47 of 2nd period - Shot Blocked by Ben Betker.
9:49 of 2nd period - Slapshot by Ryan Hartman.
9:49 of 2nd period - Stopped by Louis Domingue with a rebound.
10:07 of 2nd period - Snap shot by Brandon McMillan.
10:07 of 2nd period - Shot Misses the Net.
10:09 of 2nd period - Wrist shot by Tyler Brenner.
10:09 of 2nd period - Shot Blocked by Ben Betker.
10:11 of 2nd period - Snap shot by Devon Teows.
10:11 of 2nd period - Stopped by Louis Domingue without a rebound.
10:12 of 2nd period - Zack Hamill wins face-off versus Calle Jarnkrok in Punishers zone.
10:21 of 2nd period - Wrist shot by Michael Bournival.
10:21 of 2nd period - Stopped by Louis Domingue without a rebound.
10:22 of 2nd period - Michael Bournival wins face-off versus Zack Hamill in Punishers zone.
10:23 of 2nd period - Wrist shot by Calle Jarnkrok.
10:23 of 2nd period - Stopped by Louis Domingue without a rebound.
10:24 of 2nd period - Zack Hamill wins face-off versus Tomas Kubalik in Punishers zone.
10:42 of 2nd period - Icing by Calle Jarnkrok.
10:43 of 2nd period - Calle Jarnkrok wins face-off versus Radek Faksa in Harfangs zone.
11:32 of 2nd period - Wrist shot by Tomas Kubalik.
11:32 of 2nd period - Stopped by Louis Domingue without a rebound.
11:33 of 2nd period - Zack Hamill wins face-off versus Sven Andrighetto in Punishers zone.
12:21 of 2nd period - Snap shot by Mark Alt.
12:21 of 2nd period - Shot Misses the Net.
12:25 of 2nd period - Slapshot by Cristoval Nieves.
12:25 of 2nd period - Stopped by Louis Domingue without a rebound.
12:26 of 2nd period - Zack Hamill wins face-off versus Cristoval Nieves in Punishers zone.
12:26 of 2nd period - Zack Hamill is hit by Reid McNeill.
12:40 of 2nd period - Wrist shot by Cristoval Nieves.
12:40 of 2nd period - Shot Misses the Net.
12:50 of 2nd period - Radek Faksa is hit by Reid McNeill and loses puck.
12:55 of 2nd period - Snap shot by Cristoval Nieves.
12:55 of 2nd period - Shot Misses the Net.
12:57 of 2nd period - Wrist shot by Erik Nystrom.
12:57 of 2nd period - Shot Misses the Net.
12:59 of 2nd period - Slapshot by Cristoval Nieves.
12:59 of 2nd period - Shot Misses the Net.
13:19 of 2nd period - Slapshot by Erik Nystrom.
13:19 of 2nd period - Stopped by Louis Domingue with a rebound.
13:21 of 2nd period - Snap shot by Erik Nystrom.
13:21 of 2nd period - Shot Blocked by Samuel Morin.
13:23 of 2nd period - Snap shot by Nick Sorensen.
13:23 of 2nd period - Stopped by Louis Domingue with a rebound.
13:37 of 2nd period - Carter Ashton is hit by Rinat Valiev and loses puck.
14:08 of 2nd period - Snap shot by Tyler Bertuzzi.
14:08 of 2nd period - Stopped by Zachary Fucale without a rebound.
14:09 of 2nd period - Zack Hamill wins face-off versus Calle Jarnkrok in Harfangs zone.
14:45 of 2nd period - Off-side.
14:46 of 2nd period - Calle Jarnkrok wins face-off versus Elias Lindholm in neutral zone.
14:53 of 2nd period - Wrist shot by Michael Bournival.
14:53 of 2nd period - Deflect By Calle Jarnkrok.
14:53 of 2nd period - Shot Misses the Net.
14:53 of 2nd period - Puck is out of play.
14:54 of 2nd period - Calle Jarnkrok wins face-off versus Elias Lindholm in Punishers zone.
14:55 of 2nd period - Slapshot by Tomas Kubalik.
14:55 of 2nd period - Stopped by Louis Domingue with a rebound.
15:17 of 2nd period - Calle Jarnkrok is hit by Noah Juulsen.
15:48 of 2nd period - Wrist shot by Tomas Kubalik.
15:48 of 2nd period - Stopped by Louis Domingue with a rebound.
16:06 of 2nd period - Snap shot by Nikita Gusev.
16:06 of 2nd period - Stopped by Zachary Fucale with a rebound.
16:08 of 2nd period - Slapshot by Fredrik Claesson.
16:08 of 2nd period - Deflect By Elias Lindholm.
16:08 of 2nd period - Stopped by Zachary Fucale with a rebound.
16:10 of 2nd period - Slapshot by Fredrik Claesson.
16:10 of 2nd period - Shot Misses the Net.
16:12 of 2nd period - Snap shot by Nikita Gusev.
16:12 of 2nd period - Stopped by Zachary Fucale without a rebound.
16:13 of 2nd period - Zack Hamill wins face-off versus Nick Shore in Harfangs zone.
16:38 of 2nd period - Tyler Bertuzzi is hit by Jake Dotchin and loses puck.
17:03 of 2nd period - Samuel Morin is hit by Nick Sorensen and loses puck.
17:16 of 2nd period - Minor Penalty to Joseph Cramarossa for Holding.
17:17 of 2nd period - Zack Hamill wins face-off versus Tyler Brenner in Punishers zone.
19:16 of 2nd period - Penalty to Joseph Cramarossa is over, Joseph Cramarossa is back on ice.
19:55 of 2nd period - Austen Brassard is hit by Erik Nystrom and loses puck.
Goals for this period are 0 for Punishers vs 1 for Harfangs.
Shots for this period are 10 for Punishers vs 13 for Harfangs.
3rd period
0:01 of 3rd period - Calle Jarnkrok wins face-off versus Zack Hamill in neutral zone.
0:06 of 3rd period - Madison Bowey is hit by Tomas Kubalik and loses puck.
0:27 of 3rd period - Samuel Morin is hit by Reid McNeill and loses puck.
0:40 of 3rd period - Tyler Brenner is hit by Tyler Bertuzzi and loses puck.
0:58 of 3rd period - Snap shot by Nick Shore.
0:58 of 3rd period - Shot Blocked by Samuel Morin.
1:22 of 3rd period - Wrist shot by Zack Hamill.
1:22 of 3rd period - Deflect By Tomas Kubalik.
1:22 of 3rd period - Shot Hit the Post.
1:22 of 3rd period - Puck is out of play.
1:23 of 3rd period - Zack Hamill wins face-off versus Tyler Brenner in Harfangs zone.
1:32 of 3rd period - Slapshot by Jake Dotchin.
1:32 of 3rd period - Shot Blocked by Andreas Athanasiou.
1:34 of 3rd period - Snap shot by Brandon McMillan.
1:34 of 3rd period - Shot Blocked by Ben Betker.
1:36 of 3rd period - Wrist shot by Ryan Hartman.
1:36 of 3rd period - Stopped by Louis Domingue with a rebound.
1:38 of 3rd period - Wrist shot by Tyler Brenner.
1:38 of 3rd period - Stopped by Louis Domingue without a rebound.
1:39 of 3rd period - Calle Jarnkrok wins face-off versus Radek Faksa in Punishers zone.
1:42 of 3rd period - Snap shot by Michael Bournival.
1:42 of 3rd period - Stopped by Louis Domingue without a rebound.
1:43 of 3rd period - Radek Faksa wins face-off versus Calle Jarnkrok in Punishers zone.
1:58 of 3rd period - Snap shot by Carter Ashton.
1:58 of 3rd period - Shot Blocked by Reid McNeill.
2:50 of 3rd period - Morgan Klimchuk is hit by Elias Lindholm and loses puck.
3:13 of 3rd period - Snap shot by Brandon McMillan.
3:13 of 3rd period - Stopped by Louis Domingue without a rebound.
3:14 of 3rd period - Radek Faksa wins face-off versus Tyler Brenner in Punishers zone.
3:48 of 3rd period - Off-side.
3:49 of 3rd period - Zack Hamill wins face-off versus Calle Jarnkrok in neutral zone.
3:59 of 3rd period - Minor Penalty to Calle Jarnkrok for Holding.
4:00 of 3rd period - Corey Tropp wins face-off versus Michael Bournival in Harfangs zone.
4:00 of 3rd period - Snap shot by Zack Hamill.
4:00 of 3rd period - Stopped by Zachary Fucale with a rebound.
5:35 of 3rd period - Brett Kulak is hit by Reid McNeill.
5:59 of 3rd period - Penalty to Calle Jarnkrok is over, Calle Jarnkrok is back on ice.
7:33 of 3rd period - Slapshot by Cristoval Nieves.
7:33 of 3rd period - Shot Misses the Net.
7:35 of 3rd period - Snap shot by Erik Nystrom.
7:35 of 3rd period - Shot Misses the Net.
8:18 of 3rd period - Snap shot by Joseph Cramarossa.
8:18 of 3rd period - Shot Blocked by Sven Andrighetto.
8:30 of 3rd period - Zack Hamill is hit by Devon Teows and loses puck.
9:04 of 3rd period - Nick Shore is hit by Tyler Bertuzzi and loses puck.
9:21 of 3rd period - Mark Alt is hit by Elias Lindholm.
9:35 of 3rd period - Ivan Provorov is hit by Andreas Athanasiou and loses puck.
10:08 of 3rd period - Nick Shore is hit by Joseph Cramarossa.
12:18 of 3rd period - Slapshot by Brett Kulak.
12:18 of 3rd period - Shot Blocked by Jake Dotchin.
12:37 of 3rd period - Snap shot by Corey Tropp.
12:37 of 3rd period - Shot Misses the Net.
12:43 of 3rd period - Wrist shot by Andreas Athanasiou.
12:43 of 3rd period - Stopped by Zachary Fucale with a rebound.
12:57 of 3rd period - Snap shot by Calle Jarnkrok.
12:57 of 3rd period - Shot Misses the Net.
13:47 of 3rd period - Blake Heinrich is hit by Austen Brassard and loses puck.
13:51 of 3rd period - Icing by Blake Heinrich.
13:52 of 3rd period - Tyler Brenner wins face-off versus Elias Lindholm in Harfangs zone.
13:54 of 3rd period - Icing by Brandon McMillan.
13:55 of 3rd period - Andreas Athanasiou wins face-off versus Tyler Brenner in Harfangs zone.
14:04 of 3rd period - Tyler Brenner is hit by Zack Hamill and loses puck.
14:21 of 3rd period - Wrist shot by Tyler Bertuzzi.
14:21 of 3rd period - Stopped by Zachary Fucale with a rebound.
14:23 of 3rd period - Slapshot by Fredrik Claesson.
14:23 of 3rd period - Stopped by Zachary Fucale with a rebound.
14:25 of 3rd period - Minor Penalty to Calle Jarnkrok for Hooking.
14:26 of 3rd period - Zack Hamill wins face-off versus Michael Bournival in Harfangs zone.
14:39 of 3rd period - Wrist shot by Zack Hamill.
14:39 of 3rd period - Deflect By Corey Tropp.
14:39 of 3rd period - Goal by Corey Tropp - Punishers : 1 - Harfangs : 3.
14:40 of 3rd period - Zack Hamill wins face-off versus Tomas Kubalik in neutral zone.
14:40 of 3rd period - Minor Penalty to Corey Tropp for Holding Stick.
14:41 of 3rd period - Zack Hamill wins face-off versus Calle Jarnkrok in Punishers zone.
16:01 of 3rd period - Ivan Provorov is hit by Radek Faksa and loses puck.
16:40 of 3rd period - Penalty to Corey Tropp is over, Corey Tropp is back on ice.
17:02 of 3rd period - Snap shot by Corey Tropp.
17:02 of 3rd period - Shot Misses the Net.
17:04 of 3rd period - Minor Penalty to Nick Shore for Holding.
17:05 of 3rd period - Michael Bournival wins face-off versus Radek Faksa in Harfangs zone.
17:21 of 3rd period - Off-side.
17:22 of 3rd period - Zack Hamill wins face-off versus Michael Bournival in neutral zone.
17:29 of 3rd period - Snap shot by Corey Tropp.
17:29 of 3rd period - Shot Misses the Net.
17:31 of 3rd period - Slapshot by Ben Betker.
17:31 of 3rd period - Deflect By Andreas Athanasiou.
17:31 of 3rd period - Goal by Andreas Athanasiou - Punishers : 2 - Harfangs : 3.
17:32 of 3rd period - Elias Lindholm wins face-off versus Morgan Klimchuk in neutral zone.
17:35 of 3rd period - Morgan Klimchuk is hit by Austen Brassard and loses puck.
17:44 of 3rd period - Snap shot by Nikita Gusev.
17:44 of 3rd period - Shot Misses the Net.
17:46 of 3rd period - Snap shot by Madison Bowey.
17:46 of 3rd period - Shot Misses the Net.
17:48 of 3rd period - Wrist shot by Elias Lindholm.
17:48 of 3rd period - Stopped by Zachary Fucale without a rebound.
17:49 of 3rd period - Calle Jarnkrok wins face-off versus Andreas Athanasiou in Harfangs zone.
19:02 of 3rd period - Punishers, Louis Domingue is pulled from the net.
19:06 of 3rd period - Wrist shot by Zack Hamill.
19:06 of 3rd period - Shot Misses the Net.
19:25 of 3rd period - Snap shot by Jake Dotchin.
19:25 of 3rd period - Goal by Jake Dotchin - Punishers : 2 - Harfangs : 4.
19:25 of 3rd period - Louis Domingue from Punishers was sent back in the game.
19:26 of 3rd period - Nick Shore wins face-off versus Zack Hamill in neutral zone.
Goals for this period are 2 for Punishers vs 1 for Harfangs.
Shots for this period are 7 for Punishers vs 5 for Harfangs.
Output by the SimonT Hockey Simulator (STHS) for Francois Prevost